 Dungeon Crawl Stone Soup version bcrawl-1.28 (webtiles) character file.

Game seed: 5292710802232482612

140780 MisterOstroum the Sneak (level 4, -2/29 HPs)
             Began as an Octopode Fire Elementalist on Nov 18, 2020.
             Slain by an orc wizard
             ... wielding a +0 dagger
              (6 damage)
             ... on level 3 of the Dungeon.
             The game lasted 00:04:22 (1707 turns).

MisterOstroum the Sneak (OpFE)                      Turns: 1707, Time: 00:04:23

Health: -2/29      AC:  1    Str:  7    XL:     4   Next: 56%
Magic:  10/16      EV: 13    Int: 18    God:
Gold:   156        SH:  0    Dex: 12    Spells: 1/7 levels left

rFire    . . .     SeeInvis .   b - +0 dagger
rCold    . . .     Gourm    .   (no shield)
rNeg     . . .     Faith    .   (helmet restricted)
rPois    .         Spirit   .   (cloak restricted)
rElec    +         Reflect  .   (no amulet)
rCorr    .         Harm     .   j - ring of magical power
MR       .....                  p - ring of insulation
Stlth    ++........             (no ring)
HPRegen  0.09/turn              (no ring)
MPRegen  0.15/turn              (no ring)
                                (no ring)
                                (no ring)
                                (no ring)

@: confused, very slightly contaminated
A: almost no armour, stealthy swim, amphibious, 8 rings, constrict 8, camouflage
1, gelatinous body 1
a: no special abilities


You were on level 3 of the Dungeon.
You were hungry.

You visited 1 branch of the dungeon, and saw 3 of its levels.

You collected 156 gold pieces.

Inventory:

Hand Weapons
 a - a +0 spear
 b - a +0 dagger (weapon)
Missiles
 g - 428 stones (quivered)
 k - 229 sling bullets
 u - 50 poisoned tomahawks
Armour
 f - a +0 buckler
Jewellery
 j - a ring of magical power (left tentacle)
 p - a ring of insulation (right tentacle)
Scrolls
 c - 3 scrolls of teleportation
 n - a scroll of immolation {unknown}
 o - a scroll of identify {@r1}
 r - a scroll of amnesia {unknown}
 s - a scroll of remove curse {unknown}
Potions
 d - a potion of cancellation {unknown}
 h - a potion of berserk rage {unknown}
 i - a potion of agility {unknown}
 l - 3 potions of curing
 m - a potion of heal wounds {@q2 !q}
 q - a potion of lignification {@q6}
Comestibles
 e - 3 rations {!d}


   Skills:
 - Level 2.0 Fighting
 - Level 2.0 Dodging
 + Level 3.6 Stealth
 - Level 2.0 Spellcasting
 * Level 2.7 Conjurations
 + Level 3.5 Fire Magic


You had one spell level left.
You knew the following spells:

 Your Spells              Type           Power        Failure   Level  Hunger
a - Flame Tongue          Conj/Fire      ##...        4%          1    None
b - Conjure Flame         Conj/Fire      ##......     16%         3    ####...
P - Flaming Arrows        Chrm/Fire      #.......     13%         2    ##.....

Your spell library contained the following spells:

 Spells                   Type           Power        Failure   Level  Hunger
 Inner Flame              Hex/Fire       N/A          26%         3    ####...
 Sticky Flame             Conj/Fire      ##......     45%         4    ######.
 Fireball                 Conj/Fire      ##........   80%         5    #######


Dungeon Overview and Level Annotations

Branches:
Dungeon (3/12)

Altars:
Okawaru


Innate Abilities, Weirdness & Mutations

You cannot wear most types of armour.
You are very stealthy in the water. (Stealth+)
You are amphibious.
You can wear up to eight rings at the same time.
You can use your tentacles to constrict eight enemies at once.
Your skin changes colour to match your surroundings (Stealth+).
Your rubbery body absorbs attacks. (AC +1, EV +1)


Message History

Casting: Flame Tongue (safe; 5% risk of failure)
Confirm with . or Enter, or press ? or * to list all spells.
You can't see any susceptible monsters within range! (Use Z to cast anyway.)
Casting: Flame Tongue (safe; 5% risk of failure)
Confirm with . or Enter, or press ? or * to list all spells.
Aiming: Flame Tongue (safe; 5% risk of failure)
Press: ? - help, Shift-Dir - straight line, f - orc
Aim: an orc, wielding a +0 flail (hasn't noticed you)
The flame tongue hits the orc.
The orc is severely wounded.
The orc shouts!
Casting: Flame Tongue (safe; 5% risk of failure)
Confirm with . or Enter, or press ? or * to list all spells.
Aiming: Flame Tongue (safe; 5% risk of failure)
Press: ? - help, Shift-Dir - straight line, f/p - orc
Aim: an orc, wielding a +0 flail (severely wounded)
The flame tongue hits the orc!
You kill the orc!
An orc priest comes into view.
Casting: Flame Tongue (safe; 5% risk of failure)
Confirm with . or Enter, or press ? or * to list all spells.
You can't see any susceptible monsters within range! (Use Z to cast anyway.)
Things that are here:
a +0 flail; a scroll of identify {@r1} An orc wizard comes into view.
It is wielding a +0 dagger.
You see here a scroll labeled SUPSAU FINYRIT.
Casting: Flame Tongue (safe; 5% risk of failure)
Confirm with . or Enter, or press ? or * to list all spells.
Aiming: Flame Tongue (safe; 5% risk of failure)
Press: ? - help, Shift-Dir - straight line, f - orc priest
Aim: an orc priest (hasn't noticed you)
The flame tongue hits the orc priest but does no damage.
The orc priest shouts!
The orc wizard casts a spell.
The orc wizard flickers and vanishes!
Deactivating autopickup; reactivate with Ctrl-A.
Casting: Flame Tongue (safe; 5% risk of failure)
Confirm with . or Enter, or press ? or * to list all spells.
Aiming: Flame Tongue (safe; 5% risk of failure)
Press: ? - help, Shift-Dir - straight line, f/p - orc priest
Aim: an orc priest The flame tongue hits the orc priest.
The orc priest is moderately wounded.
The orc priest closely misses you.
Casting: Flame Tongue (safe; 5% risk of failure)
Confirm with . or Enter, or press ? or * to list all spells.
Aiming: Flame Tongue (safe; 5% risk of failure)
Press: ? - help, Shift-Dir - straight line, f/p - orc priest
Aim: an orc priest (moderately wounded)
The flame tongue misses the orc priest.
The orc priest barely misses you.
Casting: Flame Tongue (safe; 5% risk of failure)
Confirm with . or Enter, or press ? or * to list all spells.
Aiming: Flame Tongue (safe; 5% risk of failure)
Press: ? - help, Shift-Dir - straight line, f/p - orc priest
Aim: an orc priest (moderately wounded)
The flame tongue hits the orc priest!
You kill the orc priest!
A magic dart appears from out of thin air!
The magic dart hits you!
Something tries to affect you, but you resist.
You see here a robe.
You start resting.
There is a strange disturbance nearby!
You barely miss something. Your squeeze misses something. Something hits you.
Casting: Flame Tongue (safe; 4% risk of failure)
Confirm with . or Enter, or press ? or * to list all spells.
Okay, then.
Casting: Flame Tongue (safe; 4% risk of failure)
Confirm with . or Enter, or press ? or * to list all spells.
Aiming: Flame Tongue (safe; 4% risk of failure)
Press: ? - help, Shift-Dir - straight line Something hits you.
You hit something but do no damage. Something hits you but does no damage.
You are feeling hungry.
You miss something. Something hits you.
You hit something but do no damage. Something hits you.
* * * LOW HITPOINT WARNING * * *
Casting: Flame Tongue (safe; 4% risk of failure)
Confirm with . or Enter, or press ? or * to list all spells.
Aiming: Flame Tongue (safe; 4% risk of failure)
Press: ? - help, Shift-Dir - straight line The flame tongue hits something!
Something barely misses you.
Casting: Flame Tongue (safe; 4% risk of failure)
Confirm with . or Enter, or press ? or * to list all spells.
Aiming: Flame Tongue (safe; 4% risk of failure)
Press: ? - help, Shift-Dir - straight line Something hits you.
* * * LOW HITPOINT WARNING * * *
Casting: Flame Tongue (safe; 4% risk of failure)
Confirm with . or Enter, or press ? or * to list all spells.
Aiming: Flame Tongue (safe; 4% risk of failure)
Press: ? - help, Shift-Dir - straight line You miscast Flame Tongue.
You are very lightly contaminated with residual magic.
You hear a sizzling sound.
You hear some strange, mumbled words.
You are confused.
You're too confused to cast spells.
Sorry, you're not good enough to have a special ability.
You hit something. Something hits you.
You die...

#†# ##.## ###?#
#.... #).)#######..#
#..## #{#......)..##
#.. # #.#?#######...
..... #.#.# #..#
#.##. #.#.# #..#
#.##. #.#.#####
#..###.#..
#.#@#...###........#
#.{................#
###......#.#.###...#
####.......# #....
#.##.#### #.#.#
#.##.# #...# #?##.#
###.# #.##.# #.[
#....# ###


There were no monsters in sight!

Vanquished Creatures
  An orc priest (D:3)
  An adder (D:3)
  An ooze (D:3)
  A worm (D:1)
  2 dart slugs (D:1)
  2 leopard geckos (D:1)
  2 orcs (D:3)
  3 bats
  A giant cockroach (D:1)
  5 goblins
  4 hobgoblins
  2 jackals (D:1)
  3 kobolds
  2 ball pythons (D:2)
  2 frilled lizards (D:1)
  5 rats
37 creatures vanquished.

Notes
Turn   | Place    | Note
-------+----------+-------------------------------------------
     0 | D:1      | MisterOstroum the Octopode Fire Elementalist began the
                  | quest for the Orb.
     0 | D:1      | Reached XP level 1. HP: 11/11 MP: 3/3
    30 | D:1      | Reached skill level 1 in Fighting
    73 | D:1      | Reached XP level 2. HP: 6/18 MP: 5/5
   451 | D:1      | Reached XP level 3. HP: 22/24 MP: 6/6
  1066 | D:2      | Learned a level 3 spell: Conjure Flame
  1095 | D:2      | Learned a level 2 spell: Flaming Arrows
  1625 | D:3      | Reached XP level 4. HP: 29/29 MP: 7/7
  1630 | D:3      | Found an iron altar of Okawaru.
  1707 | D:3      | Slain by an orc wizard

Skill      XL: |  1  2  3 |
---------------+----------+-----
Fighting       | 1 2 |  2.0
Conjurations   | 2 |  2.7
Dodging        | |  2.0
Stealth        | |  3.6
Spellcasting   | |  2.0
Fire Magic     | |  3.5

Action                   |  1- 3 |  4- 6 || total
-------------------------+-------+-------++-------
Melee: Spear             |    18 |       ||    18
       Constrict         |    14 |       ||    14
       Unarmed           |     4 |       ||     4
       Tentacles         |     6 |       ||     6
       Dagger            |    13 |     5 ||    18
Throw: Stone             |     3 |       ||     3
 Cast: Flame Tongue      |    36 |    11 ||    47
  Use: Scroll            |     4 |       ||     4
 Stab: Sleeping          |     5 |       ||     5
  Eat: Chunk             |     4 |       ||     4
Armor: Skin              |     2 |       ||     2
Dodge: Dodged            |    23 |     3 ||    26
Block: Buckler           |     2 |       ||     2
